 Dungeon Crawl Stone Soup version 0.32-a0-571-gec57dfcd37 (webtiles) character file.

Game seed: 17103516538593585006

44 demibob the Chopper (level 3, -3/46 HPs)
             Began as a Mountain Dwarf Chaos Knight on Mar 1, 2024.
             Was a Plaything of Xom.
             Slain by a gnoll
             ... wielding a +0 halberd
              (8 damage)
             ... on level 2 of the Dungeon.
             The game lasted 00:01:30 (972 turns).

demibob the Chopper (Mountain Dwarf Chaos Knight)    Turns: 972, Time: 00:01:31

Health: -3/46      AC:  5    Str: 16    XL:     3   Next: 41%
Magic:  3/3        EV: 11    Int: 18    God:    Xom [..*...]
Gold:   120        SH:  0    Dex:  9    Spells: 2/2 levels left

rFire   . . .        a - +0 hand axe (chaos)
rCold   . . .        (no shield)
rNeg    . . .        b - +2 leather armour
rPois   .            (no helmet)
rElec   .            (no cloak)
rCorr   .            (no gloves)
SInv    .            (no boots)
Will    +....        (no amulet) Stlth
                     I - +6 ring of intelligence
HPRegen 0.27/turn    W - ring of willpower
MPRegen 0.08/turn

%: no passive effects
@: berserking, very quick
A: runic magic, artefact enchanting
a: Renounce Religion


You were on level 2 of the Dungeon.
You worshipped Xom.
You were a toy of Xom.
You visited 1 branch of the dungeon, and saw 2 of its levels.

You collected 120 gold pieces.


Innate Abilities, Weirdness & Mutations

Your spellcasting is much less encumbered by armour.
You can use scrolls of enchantment on lesser artefacts.


   Skills:
 - Level 3.2 Fighting
 + Level 5.4 Axes
 - Level 2.1 Armour
 - Level 0.6 Dodging


You had 2 spell levels left.
You didn't know any spells.
Your spell library was empty.

Inventory:

Hand Weapons
 a - a +0 hand axe of chaos (weapon)
Armour
 b - a +2 leather armour (worn)
Jewellery
 I - a +6 ring of intelligence (left hand)
 W - a ring of willpower (right hand)
Scrolls
 c - a scroll of butterflies
Potions
 d - a potion of curing {unknown}
 e - a potion of mutation {unknown}
 f - 2 potions of enlightenment
 j - a potion of might {unknown}

Dungeon Overview and Level Annotations

Branches:
Dungeon (2/15)

Altars:

#.....#.#
#.....#.#
####...###.#
#......# #.#
#......#
#......#
#......#
#.....##
#####@#
#gggg....
#########


You could see 4 gnolls.


Message History

The gnoll hits you from afar with a +0 halberd!
* * * LOW HITPOINT WARNING * * *
The gnoll closely misses you.
You are too injured to fight recklessly!
You are too injured to fight recklessly!
You are too injured to fight recklessly!
You are too injured to fight recklessly!
You are too injured to fight recklessly!
You are too injured to fight recklessly!
You are too injured to fight recklessly!
You are too injured to fight recklessly!
You are too injured to fight recklessly!
You are too injured to fight recklessly!
You are too injured to fight recklessly!
You are too injured to fight recklessly!
You are too injured to fight recklessly!
You are too injured to fight recklessly!
You are too injured to fight recklessly!
Unknown command.
You barely miss the gnoll.
The gnoll is lightly wounded.
You closely miss the gnoll. The gnoll hits you with a +0 whip.
* * * LOW HITPOINT WARNING * * *
The gnoll barely misses you. The gnoll hits you but does no damage.
Unknown command.
A red film seems to cover your vision as you go berserk!
You feel yourself moving faster!
You feel mighty! The gnoll closely misses you.
The gnoll hits you from afar with a +0 halberd!
You die...
Xom snickers!

Skill      XL: |  1  2 |
---------------+-------+-----
Axes           | 4 5 |  5.4
Fighting       | |  3.2
Armour         | |  2.1
Dodging        | |  0.6

Action                     || total
---------------------------++-------
  Melee: Hand axe          ||    99
    Use: Scroll            ||     5
         Potion            ||     1
   Stab: Confused          ||     1
 Armour: Leather armour    ||    49
  Dodge: Dodged            ||    54

Levels and vault maps discovered:
D:1:      dpeg_arrival_arbitrary_c, layout_loops_cross, st_stairs_11,
          skrybe_limestone_x
D:2:      layout_basic, dreamdust_ecumenical_altar_statues, minmay_between

Notes
Turn   | Place    | Note
-------+----------+-------------------------------------------
     0 | D:1      | demibob the Mountain Dwarf Chaos Knight began the quest for
                  | the Orb.
     0 | D:1      | Reached XP level 1. HP: 19/19 MP: 1/1
    36 | D:1      | XOM: divination: detect creatures
    69 | D:1      | XOM is BORED!
    69 | D:1      | XOM: silly message
   185 | D:1      | Reached skill level 4 in Axes
   195 | D:1      | XOM: divination: detect items
   203 | D:1      | Reached XP level 2. HP: 26/26 MP: 2/2
   657 | D:2      | Found a faded altar of an unknown god.
   729 | D:2      | Reached skill level 5 in Axes
   816 | D:2      | Reached XP level 3. HP: 31/31 MP: 3/3
   934 | D:2      | XOM: silly message
   971 | D:2      | HP: 3/31 [gnoll/+0 whip (2)]
   972 | D:2      | Slain by a gnoll

Vanquished Creatures
  An adder (D:2)
  3 bats (D:1)
  5 endoplasms
  2 giant cockroaches (D:1)
  2 hobgoblins (D:2)
  4 jackals (D:2)
  A ball python (D:1)
  A frilled lizard (D:2)
  4 goblins (D:1)
  7 kobolds
  2 rats (D:2)
32 creatures vanquished.

Table legend: (Time is in decaauts)
 A = Elapsed time spent in this place.
 B = Non-inter-level travel time spent in this place.
 C = Inter-level travel time spent in this place.
 D = Time resting spent in this place.
 E = Time spent auto-exploring this place.
 F = Levels seen in this place.
 G = Mean time per level.
                   A        B        C        D        E       F      G
               +--------+--------+--------+--------+--------+-----+--------+
         Total |    977 |    962 |     15 |      0 |    768 |   2 |  488.5 |
       Dungeon |    977 |    962 |     15 |      0 |    768 |   2 |  488.5 |
               +--------+--------+--------+--------+--------+-----+--------+

Top non-repeatable levels by time:
     D:1: 660 daAuts
     D:2: 316 daAuts

Table legend:
 A = Non-vault XP
 B = Vault XP
 C = Vault XP percentage of total XP
 D = Non-vault monster count
 E = Vault monster count
 F = Vault count percentage of total count
                 A         B        C        D         E       F
            +---------+---------+-------+---------+---------+-------
      Total |      58 |       6 |   9.4 |      29 |       3 |   9.4
            +---------+---------+-------+---------+---------+-------
        D:1 |      19 |       6 |  24.0 |      12 |       3 |  20.0
        D:2 |      39 |       0 |   0.0 |      17 |       0 |   0.0
            +---------+---------+-------+---------+---------+-------
